AoeStats
← darkwolf

Lombardia

510241516Analyzed
4v4 RM · 2d ago on Sep 30, 2026· 70m 6s· 8 players
Game mode
Random Map
Map size
Large (8 player)
Population
200
Speed
Normal
Resources
Standard
Victory
Conquest
Starting age
Dark Age
Ending age
Imperial Age
RankedLock teamsTeams togetherTeam positionsShared explorationLock speedFull tech treeHidden civsTurbo modeCheats
Victory
Defeat
🇲🇽 Berbers · Mexico
875
+13
🇺🇸 Goths · United States
840
+14
🇵🇷 Persians · Puerto Rico
822
+15
🇲🇽 Persians · Mexico
796
+15
🇺🇸 Slavs · United States
822
-15
🇺🇸 Ethiopians · United States
806
-15
🇺🇸 Japanese · United States
784
-14
🇺🇸 Turks · United States
769
-13
yamir0000
5:07 Loom
14:16 Feudal Age
15:23 Double-Bit Axe
17:17 Wheelbarrow
20:41 Castle Age
19:28 Scale Barding Armor
19:50 Forging
19:53 Horse Collar
20:11 Gold Mining
20:35 Stone Mining
23:03 Bow Saw
28:46 Hand Cart
30:18 Gold Shaft Mining
30:18 Stone Shaft Mining
31:11 Kamandaran
33:26 Husbandry
33:37 Bloodlines
34:14 Iron Casting
33:59 Chain Barding Armor
33:30 Fletching
33:40 Padded Archer Armor
34:46 Ballistics
34:17 Heated Shot
34:39 Masonry
34:53 Devotion
38:57 Imperial Age
37:22 Caravan
37:22 Crossbowman
38:40 Bodkin Arrow
39:01 Leather Archer Armor
39:47 Elite War Elephant
40:48 Conscription
40:37 Thumb Ring
41:39 Chemistry
41:27 Plate Barding Armor
41:22 Heavy Plow
43:58 Sappers
46:01 Crop Rotation
46:09 Stone Shaft Mining
46:11 Architecture
47:38 Two-Man Saw
50:29 Hoardings
51:23 Blast Furnace
51:01 Ring Archer Armor
61:25 Faith
65:13 Citadels
Friedeggplant
0:32 Loom
15:38 Feudal Age
16:07 Double-Bit Axe
16:04 Horse Collar
17:03 Wheelbarrow
16:13 Town Watch
16:21 Gold Mining
17:08 Stone Mining
24:07 Castle Age
25:05 Hand Cart
25:10 Bow Saw
25:02 Heavy Plow
29:49 Stone Shaft Mining
32:06 Pikeman
32:46 Squires
35:48 Masonry
40:05 Imperial Age
37:58 Man-at-Arms
38:58 Forging
38:50 Scale Mail Armor
38:43 Fletching
39:15 Ballistics
40:40 Town Patrol
40:38 Murder Holes
41:52 Two-Man Saw
41:34 Crop Rotation
40:56 Halberdier
40:57 Long Swordsman
41:39 Perfusion
42:24 Architecture
42:52 Chain Mail Armor
43:14 Iron Casting
42:34 Bodkin Arrow
43:03 Conscription
45:30 Anarchy
45:19 Two-Handed Swordsman
47:04 Blast Furnace
46:06 Bracer
45:42 Elite Huskarl
46:51 Champion
49:41 Chemistry
50:34 Caravan
51:40 Capped Ram
52:41 Heavy Scorpion
61:31 Onager
SER
12:32 Feudal Age
13:03 Double-Bit Axe
13:00 Horse Collar
19:53 Gold Mining
19:54 Stone Mining
22:33 Castle Age
20:41 Fletching
21:04 Bloodlines
22:06 Scale Barding Armor
22:53 Town Watch
23:37 Bow Saw
23:28 Heavy Plow
24:40 Bodkin Arrow
25:22 Gold Shaft Mining
27:12 Town Patrol
30:30 Chain Barding Armor
30:00 Loom
33:19 Wheelbarrow
36:24 Imperial Age
34:54 Ballistics
37:18 Forging
36:30 Light Cavalry
37:12 Husbandry
37:59 Crop Rotation
37:30 Bracer
38:32 Chemistry
37:54 Conscription
39:03 Plate Barding Armor
38:10 Hussar
40:05 Iron Casting
40:05 Treadmill Crane
40:21 Murder Holes
40:36 Masonry
41:12 Hand Cart
43:11 Stone Shaft Mining
43:38 Blast Furnace
42:47 Elite Camel Archer
43:30 Maghrebi Camels
44:08 Hoardings
43:36 Kasbah
47:19 Hoardings
54:31 Siege Engineers
Tentramitrozo 100 mg
0:46 Loom
12:28 Feudal Age
18:53 Castle Age
24:34 Wheelbarrow
23:45 Town Watch
30:50 Imperial Age
28:27 Double-Bit Axe
28:29 Horse Collar
29:47 Bloodlines
29:38 Husbandry
31:08 Stone Mining
31:09 Gold Mining
33:58 Bow Saw
33:44 Cavalier
35:12 Forging
35:10 Scale Barding Armor
35:06 Fletching
37:14 Hand Cart
37:00 Town Patrol
39:52 Chain Barding Armor
40:08 Iron Casting
39:36 Scale Mail Armor
39:37 Padded Archer Armor
41:26 Plate Barding Armor
40:48 Bodkin Arrow
41:11 Citadels
41:02 Kamandaran
41:24 Conscription
40:44 Elite Skirmisher
41:31 Thumb Ring
40:47 Crossbowman
43:35 Blast Furnace
45:27 Leather Archer Armor
45:28 Chain Mail Armor
45:17 Elite War Elephant
53:13 Savar
vickshick
1:13 Loom
10:27 Loom
12:54 Feudal Age
14:34 Horse Collar
18:30 Castle Age
17:53 Double-Bit Axe
25:37 Imperial Age
26:02 Heavy Plow
30:32 Wheelbarrow
30:31 Bow Saw
31:40 Bloodlines
31:44 Forging
31:40 Scale Barding Armor
31:26 Fletching
31:38 Padded Archer Armor
32:14 Ballistics
32:38 Conscription
32:55 Hoardings
34:41 Hand Cart
34:14 Town Watch
33:56 Capped Ram
35:07 Gold Mining
35:07 Stone Mining
37:31 Chain Barding Armor
37:47 Iron Casting
39:03 Artillery
41:13 Elite Janissary
46:58 Husbandry
47:59 Blast Furnace
47:35 Plate Barding Armor
46:55 Bodkin Arrow
47:15 Leather Archer Armor
47:11 Caravan
49:35 Murder Holes
49:21 Treadmill Crane
55:36 Heavy Camel Rider
darkwolf
8:15 Loom
10:49 Feudal Age
11:45 Double-Bit Axe
11:52 Gold Mining
19:11 Castle Age
19:29 Light Cavalry
20:13 Husbandry
21:32 Horse Collar
23:51 Wheelbarrow
23:29 Bow Saw
28:35 Imperial Age
27:00 Fletching
30:48 Heavy Plow
31:26 Gold Shaft Mining
31:56 Hussar
33:03 Squires
33:52 Caravan
36:10 Chemistry
35:31 Ballistics
35:44 Stone Mining
38:02 Conscription
38:35 Thumb Ring
37:51 Elite Skirmisher
39:25 Bodkin Arrow
39:31 Padded Archer Armor
39:33 Scale Mail Armor
39:43 Forging
40:46 Royal Heirs
40:53 Elite Shotel Warrior
44:45 Bracer
45:01 Leather Archer Armor
45:02 Chain Mail Armor
45:22 Iron Casting
45:57 Hand Cart
45:42 Halberdier
57:57 Ring Archer Armor
58:28 Blast Furnace
57:59 Plate Mail Armor
58:18 Cavalier
.RamroD.
10:57 Feudal Age
11:31 Double-Bit Axe
14:10 Loom
16:25 Castle Age
14:49 Stone Mining
17:46 Forging
17:37 Scale Mail Armor
17:47 Scale Barding Armor
20:20 Gold Mining
22:19 Bow Saw
22:03 Horse Collar
27:57 Gold Shaft Mining
32:36 Imperial Age
31:51 Pikeman
32:32 Squires
33:28 Detinets
36:17 Chemistry
35:27 Siege Engineers
35:18 Murder Holes
35:44 Ballistics
36:38 Two-Man Saw
35:22 Halberdier
36:48 Capped Ram
38:55 Elite Boyar
39:56 Heavy Scorpion
41:23 Conscription
42:05 Onager
46:23 Redemption
46:37 Sanctity
49:07 Siege Onager
64:39 Druzhina
kingfisher1108
10:56 Feudal Age
12:23 Man-at-Arms
17:58 Castle Age
22:04 Double-Bit Axe
33:41 Imperial Age
32:47 Elite Skirmisher
33:21 Fletching
33:31 Padded Archer Armor
33:42 Forging
33:32 Scale Mail Armor
33:48 Fortified Wall
37:34 Ballistics
37:29 Horse Collar
37:48 Bodkin Arrow
38:08 Leather Archer Armor
39:05 Bow Saw
38:59 Heavy Plow
40:46 Chemistry
42:05 Iron Casting
41:45 Chain Mail Armor
42:54 Bracer
43:09 Leather Archer Armor
44:40 Blast Furnace
43:55 Chain Mail Armor
45:46 Pikeman
47:13 Halberdier
50:52 Redemption
54:04 Conscription
55:20 Chain Mail Armor
55:20 Leather Archer Armor
59:42 Illumination
Connection lost

Rejoining the realm…

Still unreachable

The connection could not be restored.

Session expired

The server has moved on; the page needs a fresh start.